 Dungeon Crawl Stone Soup version 0.29.0-5-ge4962eb29e (webtiles) character file.

Game seed: 7276055441395358371

96 ImASeal the Shield-Bearer (level 4, -5/37 HPs)
             Began as a Formicid Fighter on Aug 29, 2022.
             Slain by a gnoll
             ... wielding a +0 halberd
              (11 damage)
             ... on level 3 of the Dungeon.
             The game lasted 00:04:33 (2436 turns).

ImASeal the Shield-Bearer (Formicid Fighter)        Turns: 2436, Time: 00:04:34

Health: -5/37      AC:  7    Str: 22    XL:     4   Next: 98%
Magic:  4/4        EV:  9    Int:  8    God:
Gold:   237        SH:  5    Dex: 13    Spells: 3/3 levels left

rFire   . . .      SeeInvis +   a - +0 war axe
rCold   . . .      Faith    .   c - +0 buckler
rNeg    . . .      Spirit   .   b - +0 scale mail
rPois   .          Reflect  .   (helmet unavailable)
rElec   .          Harm     .   h - scarf {shadows}
rCorr   .          Rampage  .   (no gloves)
Will    .....                   (no boots)
Stlth   ..........              (no amulet)
HPRegen 0.12/turn               (no ring)
MPRegen 0.09/turn               (no ring)

@: no status effects
A: permanent stasis, dig shafts and tunnels, antennae 3, four strong arms
a: Dig, Shaft Self


You were on level 3 of the Dungeon.
You visited 1 branch of the dungeon, and saw 4 of its levels.

You collected 237 gold pieces.

Inventory:

Hand Weapons
 a - a +0 war axe (weapon)
Missiles
 e - 6 atropa-tipped darts (quivered)
Armour
 b - a +0 scale mail (worn)
 c - a +0 buckler (worn)
 h - a scarf of shadows (worn)
Jewellery
 f - an amulet of faith
 o - an amulet of regeneration
Scrolls
 g - a scroll of amnesia {unknown}
 i - 2 scrolls of identify {unknown}
 j - a scroll of vulnerability {unknown}
 k - a scroll of magic mapping {unknown}
 m - a scroll of teleportation {unknown}
 q - a scroll of silence {unknown}
Potions
 d - a potion of might
 l - a potion of magic {unknown}
 p - a potion of heal wounds {unknown}
Miscellaneous
 n - a piece from Xom's chessboard (15/15)


   Skills:
 + Level 4.0 Fighting
 + Level 2.9 Axes
 + Level 4.0 Armour
 + Level 0.1 Dodging
 + Level 5.0 Shields


You had 3 spell levels left.
You didn't know any spells.
Your spell library contained the following spells:

 Spells                   Type           Power      Damage    Failure   Level
 Fireball                 Conj/Fire      0%         3d3       100%        5
 Starburst                Conj/Fire      0%         6d3       100%        6
 Ignition                 Fire           0%         3d3       100%        8


Dungeon Overview and Level Annotations

Branches:
Dungeon (4/15)
 Temple: D:4-7

Altars:
Xom
The Shining One

Annotations:
D:4 Edmund


Innate Abilities, Weirdness & Mutations

You cannot be hasted, slowed, berserked, paralysed or teleported.
You can dig through walls and to a lower floor.
You have a pair of large antennae on your head. (SInv)
Your four strong arms can wield two-handed weapons with a shield.


Message History

The gnoll attacks as you move away! The gnoll barely misses you.
The gnoll attacks as you move away! The gnoll hits you with a +0 club.
The gnoll attacks as you move away! You block the gnoll's attack.
Found 7 gold pieces.
The gnoll attacks as you move away! You block the gnoll's attack.
The gnoll attacks as you move away! The gnoll hits you with a +0 club.
Found a notched wooden ring.
The gnoll attacks as you move away! The gnoll barely misses you.
Found a book of Dangerous Friends.
The gnoll attacks as you move away! You block the gnoll's attack.
Found a ring mail.
The gnoll attacks as you move away! The gnoll hits you with a +0 club.
The gnoll attacks as you move away! The gnoll barely misses you.
A goblin comes into view. It is wielding a +0 club.
The goblin shouts!
The gnoll attacks as you move away! The gnoll hits you with a +0 club.
* * * LOW HITPOINT WARNING * * *
The goblin closely misses you. The goblin completely misses you.
The gnoll attacks as you move away! The gnoll completely misses you.
The gnoll attacks as you move away! The gnoll hits you with a +0 club.
* * * LOW HITPOINT WARNING * * *
The goblin attacks as you move away! The goblin hits you but does no damage.
The gnoll attacks as you move away! The gnoll hits you but does no damage.
There are monsters nearby!
You hit the gnoll but do no damage. The gnoll closely misses you.
You hit the gnoll.
The gnoll is moderately wounded.
The gnoll hits you but does no damage. The gnoll closely misses you.
You slash the gnoll!
You kill the gnoll!
Your Armour skill increases to level 4!
You barely miss the goblin.
The gnoll hits you from afar with a +0 halberd.
* * * LOW HITPOINT WARNING * * *
The goblin hits you but does no damage.
You hit the goblin.
You kill the goblin!
The gnoll hits you from afar with a +0 halberd!
You die...

....# ##...#........ ....#
##[#.....#### ....# ###.........
....# #.....##### ....#####
#.......... ........# ##.#g#####
#######.# #.#g# ######## #.#
#.#)# #....... #.#
#.#@#########.#####. .
#.######................... ..
####.............#### #.####.. ..
#.....#............####.#####.
...#.....#.............†.........
...#.....#............####.######
...........................###...
...#.....#####...########..#.>...
##.##........#.### #..#.#.##


You could see 2 gnolls.

Vanquished Creatures
  2 adders
  2 gnolls (D:3)
  A worm (D:2)
  A dart slug (D:1)
  6 ball pythons
  6 endoplasms
  5 goblins
  3 hobgoblins
  7 jackals
  5 quokkas
  4 bats
  4 kobolds
  6 rats
  2 bushes (D:1)
  2 butterflies (D:4)
56 creatures vanquished.

Vanquished Creatures (others)
  2 plants (D:1)
2 creatures vanquished.

Grand Total: 58 creatures vanquished

Notes
Turn   | Place    | Note
-------+----------+-------------------------------------------
     0 | D:1      | ImASeal the Formicid Fighter began the quest for the Orb.
     0 | D:1      | Reached XP level 1. HP: 18/18 MP: 1/1
   111 | D:1      | Reached XP level 2. HP: 24/24 MP: 2/2
   413 | D:1      | Reached XP level 3. HP: 29/29 MP: 3/3
  1378 | D:2      | Reached XP level 4. HP: 34/37 MP: 4/4
  1577 | D:2      | Found a faded altar of an unknown god.
  1859 | D:2      | You fall into a shaft and drop 2 floors!
  1902 | D:4      | Found a shimmering altar of Xom.
  1951 | D:4      | Found a glowing golden altar of the Shining One.
  2060 | D:4      | Noticed Edmund
  2306 | D:3      | Reached skill level 5 in Shields
  2436 | D:3      | Slain by a gnoll

Illustrated notes

Levels and vault maps discovered:
D:1:      minmay_arrival_doors, layout_rooms, serial_forest,
          infiniplex_forest_side_room, infiniplex_forest_clump_diagonal,
          infiniplex_forest_split, infiniplex_forest_lined_room_,
          infiniplex_forest_side_room, infiniplex_forest_diagonal,
          infiniplex_forest_end_3, infiniplex_forest_lined_4_way,
          infiniplex_forest_lined_ring, minmay_pentomino_s2
D:2:      layout_loops_ring, shapermc_ecumenical_altar_venn
D:3:      layout_basic, cheibrodos_sewer_entry_bend
D:4:      layout_loops_ring, amcnicky_altar_gilded, xom_butterflies,
          st_stairs_2, uniq_edmund

Skill      XL: |  1  2  3  4 |
---------------+-------------+-----
Fighting       | 4 |  4.0
Shields        | 5 |  5.0
Armour         | 4 |  4.0
Axes           | |  2.9
Dodging        | |  0.1

Action                   |  1- 3 |  4- 6 || total
-------------------------+-------+-------++-------
Melee: War axe           |   157 |    82 ||   239
Armor: Scale mail        |    26 |    36 ||    62
Dodge: Dodged            |    20 |    55 ||    75
Block: Buckler           |    15 |    26 ||    41
